 Dungeon Crawl Stone Soup version 0.27-a0-1191-g601b473118 (webtiles) character file.

Game seed: 11329919584964075240

79 siradein the Chopper (level 4, -1/39 HPs)
             Began as a Hill Orc Fighter on May 24, 2021.
             Slain by Natasha (5 damage)
             ... on level 2 of the Dungeon.
             The game lasted 00:02:58 (1170 turns).

siradein the Chopper (Hill Orc Fighter)             Turns: 1170, Time: 00:02:59

Health: -1/39      AC:  8    Str: 25    XL:     4   Next: 37%
Magic:  4/4        EV:  7    Int: 14    God:
Gold:   23         SH:  9    Dex: 10    Spells: 3/3 levels left

rFire    . . .     SeeInvis .   a - +0 war axe
rCold    . . .     Faith    .   c - +0 kite shield
rNeg     . . .     Spirit   .   b - +0 scale mail
rPois    .         Reflect  .   (no helmet)
rElec    .         Harm     .   (no cloak)
rCorr    .         Rampage  .   (no gloves)
Will     .....                  n - +0 pair of boots
Stlth    ..........             (no amulet)
HPRegen  0.13/turn              f - +6 ring of strength
MPRegen  0.09/turn              g - +6 ring of intelligence

@: slowed, very slow
A: no striking features
a: no special abilities


You were on level 2 of the Dungeon.
You visited 1 branch of the dungeon, and saw 2 of its levels.

You collected 23 gold pieces.

Inventory:

Hand Weapons
 a - a +0 war axe (weapon)
Missiles
 e - 35 stones (quivered)
Armour
 b - a +0 scale mail (worn)
 c - a +0 kite shield (worn)
 n - a +0 pair of boots (worn)
Jewellery
 f - a +6 ring of strength (left hand)
 g - a +6 ring of intelligence (right hand)
Scrolls
 j - a scroll of vulnerability {unknown}
 k - 2 scrolls of magic mapping {unknown}
 l - 3 scrolls of identify {unknown}
 o - a scroll of fear {unknown}
Potions
 d - a potion of might
 h - a potion of cancellation {unknown}
 i - a potion of haste {unknown}
 m - a potion of flight {unknown}
 p - a potion of magic {unknown}


   Skills:
 - Level 3.6 Fighting
 + Level 6.0 Axes
 - Level 3.2 Armour
 - Level 3.2 Shields


You had 3 spell levels left.
You didn't know any spells.
Your spell library contained the following spells:

 Spells                   Type           Power      Damage    Failure   Level
 Magic Dart               Conj           0%         1d3       97%         1
 Summon Small Mammal      Summ           0%         N/A       97%         1
 Call Imp                 Summ           0%         N/A       99%         2
 Searing Ray              Conj           0%         3d3       99%         2
 Call Canine Familiar     Summ           0%         N/A       100%        3
 Dazzling Flash           Conj/Hex       0%         N/A       100%        3
 Summon Guardian Golem    Hex/Summ       0%         N/A       100%        3
 Fulminant Prism          Conj/Hex       0%         3d6       100%        4
 Iskenderun's Mystic Bla  Conj/Tloc      0%         2d3       100%        4
 Summon Ice Beast         Ice/Summ       0%         N/A       100%        4
 Summon Lightning Spire   Summ/Air       0%         N/A       100%        4


Dungeon Overview and Level Annotations

Branches:
Dungeon (2/15)

Altars:
The Shining One

Annotations:
D:2 Natasha


Message History

You kill the endoplasm!
You closely miss Natasha. You block the jackal's attack.
Natasha wildly gestures.
You feel disoriented. Natasha barely misses you.
The jackal bites you but does no damage.
Natasha closely misses you. The jackal barely misses you.
Your Axes skill increases to level 6!
You slash the jackal!
You kill the jackal!
You hit Natasha but do no damage.
Natasha stares at you and mumbles some strange words.
The magic dart hits you. You block Natasha's attack. x2
You barely miss Natasha. Natasha claws you. x2
You closely miss Natasha. You block Natasha's attack.
Natasha casts a spell at you.
The magic dart hits you but does no damage.
You closely miss Natasha. Natasha closely misses you.
Natasha barely misses you.
You closely miss Natasha. Natasha claws you! Natasha barely misses you.
You are too injured to fight recklessly!
You hit Natasha.
Natasha is lightly wounded.
Natasha casts a spell at you. The magic dart hits you!
* * * LOW HITPOINT WARNING * * *
Natasha barely misses you.
You hit Natasha.
Natasha is heavily wounded.
Natasha casts a spell at you.
You feel as though you will be slow longer.
Natasha growls.
Natasha stares at you and mumbles some strange words.
The magic dart hits you.
* * * LOW HITPOINT WARNING * * *
You hit Natasha.
Natasha is severely wounded.
Natasha casts a spell.
Natasha claws you.
You die...

#.....#
#.....#
#.....#
#.....#
#.....#
#.[...#
#.....#
#.....#######
#....@h......
#####.)......
#..(5....
#........
#........
#.)......
#........
#........


You could see an iron imp (summoned) and Natasha.

Vanquished Creatures
  3 adders (D:2)
  A dart slug (D:2)
  5 endoplasms
  A giant cockroach (D:1)
  5 goblins
  3 hobgoblins
  4 jackals
  5 quokkas
  A ball python (D:1)
  7 bats
  4 frilled lizards (D:1)
  3 kobolds
  2 rats (D:1)
44 creatures vanquished.

Notes
Turn   | Place    | Note
-------+----------+-------------------------------------------
     0 | D:1      | siradein the Hill Orc Fighter began the quest for the Orb.
     0 | D:1      | Reached XP level 1. HP: 19/19 MP: 1/1
    52 | D:1      | Reached skill level 3 in Axes
    82 | D:1      | Reached XP level 2. HP: 25/26 MP: 2/2
   114 | D:1      | Reached skill level 4 in Axes
   302 | D:1      | Reached XP level 3. HP: 31/31 MP: 3/3
   655 | D:2      | Found a faded altar of an unknown god.
   663 | D:2      | Reached skill level 5 in Axes
   678 | D:2      | Found a glowing golden altar of the Shining One.
   937 | D:2      | Reached XP level 4. HP: 39/39 MP: 4/4
  1154 | D:2      | Noticed Natasha
  1163 | D:2      | Reached skill level 6 in Axes
  1170 | D:2      | Slain by Natasha

Illustrated notes

Levels and vault maps discovered:
D:1:      lemuel_arrival_cross, layout_rooms
D:2:      layout_basic, chequers_ecumenical_altar_island, basic_altar,
          uniq_jessica, uniq_natasha

Skill      XL: |  1  2  3  4 |
---------------+-------------+-----
Axes           | 3 4 5 6 |  6.0
Fighting       | |  3.6
Armour         | |  3.2
Shields        | |  3.2

Action                   |  1- 3 |  4- 6 || total
-------------------------+-------+-------++-------
Melee: War axe           |   100 |    26 ||   126
Armor: Scale mail        |    57 |    17 ||    74
Dodge: Dodged            |    33 |    16 ||    49
Block: Kite shield       |    60 |    19 ||    79

Table legend: (Time is in decaauts)
 A = Elapsed time spent in this place.
 B = Non-inter-level travel time spent in this place.
 C = Inter-level travel time spent in this place.
 D = Time resting spent in this place.
 E = Time spent auto-exploring this place.
 F = Levels seen in this place.
 G = Mean time per level.
                   A        B        C        D        E       F      G
               +--------+--------+--------+--------+--------+-----+--------+
         Total |   1243 |   1232 |     11 |      0 |    911 |   2 |  621.5 |
       Dungeon |   1243 |   1232 |     11 |      0 |    911 |   2 |  621.5 |
               +--------+--------+--------+--------+--------+-----+--------+

Top non-repeatable levels by time:
     D:1: 689 daAuts
     D:2: 553 daAuts
